 Dungeon Crawl Stone Soup version 0.29.1-15-g9cfb28693d (webtiles) character file.

Game seed: 16600792831883574084

24752 IndexError the Thaumaturge (level 13, -22/104 HPs)
             Began as a Gnoll Hedge Wizard on Mar 9, 2023.
             Was a Believer of Ashenzari.
             Annihilated by a komodo dragon (27 damage)
             ... on level 3 of the Lair of Beasts.
             The game lasted 01:21:53 (23130 turns).

IndexError the Thaumaturge (Gnoll Hedge Wizard)    Turns: 23130, Time: 01:21:53

Health: -22/104    AC: 13    Str: 15    XL:     13   Next: 15%
Magic:  30/30      EV: 18    Int: 17    God:    Ashenzari [**....]
Gold:   857        SH:  0    Dex: 11    Spells: 19/38 levels left

rFire   + . .      SeeInvis +   a - staff of conjuration (curse) {!a, Evo, Elem}
rCold   + + .      Faith    .   (no shield)
rNeg    + . .      Spirit   .   R - +0 ring mail {rPois}
rPois   +          Reflect  .   j - +0 helmet "Share My Fortune-Teller" {rF+ rC+ Str+3, Comp, Self} (curse)
rElec   .          Harm     .   x - +0 cloak
rCorr   .          Rampage  .   o - +0 pair of gloves
Will    .....                   M - +1 pair of boots
Stlth   +++.......              g - amulet of the acrobat
HPRegen 0.27/turn               U - ring "Overhang to Understand" {rC+ EV+4 SInv, Alch, Self} (curse)
MPRegen 0.22/turn               H - ring of positive energy {rN+}

@: no status effects
A: fangs 1, strong nose, distributed training
a: Renounce Religion, Shatter the Chains


You were on level 3 of the Lair of Beasts.
You worshipped Ashenzari.
Ashenzari was pleased with you.
You visited 3 branches of the dungeon, and saw 16 of its levels.
You also visited: Bailey.

You collected 857 gold pieces.

Inventory:

Hand Weapons
 b - a +1 shortbow
   (You took it off a centaur on level 9 of the Dungeon)
Missiles
 r - 6 curare-tipped darts
 O - 3 throwing nets {=f, !d}
Armour
 f - +0 acid dragon scales
   (You found it on level 5 of the Dungeon)
 j - the cursed +0 helmet "Share My Fortune-Teller" (worn) {rF+ rC+ Str+3, Comp, Self}
   (You found it on level 3 of the Dungeon)

   Str:       It affects your strength (+3).
   rF:        It protects you from fire.
   rC:        It protects you from cold.
   It has a curse which improves the following skills: Companions: Summonings
   and Necromancy.
   Introspection: Fighting and Spellcasting.
 o - a +0 pair of gloves (worn)
   (You found it on level 2 of the Dungeon)
 x - a +0 cloak (worn)
   (You found it on level 4 of the Dungeon)
 M - a +1 pair of boots (worn)
   (You found it on level 9 of the Dungeon)
 R - a +0 ring mail of poison resistance (worn)
   (You took it off a gnoll sergeant on level 7 of the Dungeon)
 S - a +3 leather armour
   (You found it on level 11 of the Dungeon)
Magical Staves
 a - a cursed staff of conjuration (weapon) {!a, Evo, Elem}
   (You found it on level 2 of the Dungeon)
 y - a staff of fire {rF+}
   (You found it on level 2 of the Lair of Beasts)
 B - a staff of fire {rF+}
   (You found it on level 2 of the Lair of Beasts)
 F - a staff of conjuration {!a}
   (You found it on level 7 of the Dungeon)
Jewellery
 g - an amulet of the acrobat (around neck)
   (You found it on level 1 of the Lair of Beasts)
 k - a +6 ring of strength
   (You found it on level 2 of the Dungeon)
 w - a +6 ring of strength
   (You found it on level 4 of the Dungeon)
 H - a ring of positive energy (right hand) {rN+}
   (You found it on level 7 of the Dungeon)
 U - the cursed ring "Overhang to Understand" (left hand) {rC+ EV+4 SInv, Alch, Self}
   (You found it on level 1 of the Lair of Beasts)

   [ring of evasion]

   EV:        It affects your evasion (+4).
   rC:        It protects you from cold.
   SInv:      It lets you see invisible.
   It has a curse which improves the following skills: Alchemy: Poison Magic and
   Transmutations.
   Introspection: Fighting and Spellcasting.
Wands
 l - a wand of charming (8)
   (You found it on level 6 of the Dungeon)
 s - a wand of flame (9)
   (You took it off Psyche on level 8 of the Dungeon)
 t - a wand of quicksilver (1)
   (You found it on level 10 of the Dungeon)
 v - a wand of polymorph (19)
   (You took it off a gnoll sergeant on level 7 of the Dungeon)
 J - a wand of iceblast (2)
   (You found it on level 9 of the Dungeon)
Scrolls
 c - 4 scrolls of butterflies
 h - a scroll of magic mapping {!r}
 G - 4 scrolls of identify
 I - a scroll of silence
 L - 3 scrolls of blinking {!r}
 Q - 4 scrolls of teleportation
 T - a scroll of fear
 V - a scroll of enchant weapon
Potions
 d - 3 potions of magic
 e - 4 potions of cancellation
 i - 5 potions of brilliance
 m - a potion of flight
 n - 5 potions of curing
 p - 6 potions of heal wounds
 q - 3 potions of lignification {!q}
 u - 4 potions of resistance
 z - 2 potions of haste
 A - 3 potions of attraction {!q}
 C - a potion of might
 D - 2 potions of invisibility
 E - 4 potions of mutation {!q}
 K - 2 potions of degeneration {!q}
 N - a potion of berserk rage {!q}
 P - 3 potions of ambrosia


   Skills:
 + Level 8.5(10.4) Fighting
 + Level 8.5 Short Blades
 + Level 8.5 Long Blades
 + Level 8.5 Axes
 + Level 8.5 Maces & Flails
 + Level 8.5 Polearms
 + Level 8.5 Staves
 + Level 8.5 Ranged Weapons
 + Level 8.5 Throwing
 + Level 8.5 Armour
 + Level 9.7 Dodging
 + Level 9.5 Stealth
 + Level 8.5 Shields
 + Level 8.5 Unarmed Combat
 + Level 11.1(13.0) Spellcasting
 + Level 7.4 Conjurations
 + Level 7.1 Hexes
 + Level 7.4(8.7) Summonings
 + Level 7.1(8.3) Necromancy
 + Level 7.4 Translocations
 + Level 7.1(8.3) Transmutations
 + Level 7.1(8.3) Fire Magic
 + Level 7.1(8.3) Ice Magic
 + Level 7.1(8.3) Air Magic
 + Level 7.1(8.3) Earth Magic
 + Level 7.1(8.3) Poison Magic
 + Level 9.3 Invocations
 + Level 8.5(9.8) Evocations


You had 19 spell levels left.
You knew the following spells:

 Your Spells              Type           Power      Damage    Failure   Level
a - Magic Dart            Conj           100%       1d8       1%          1
b - Blink                 Tloc           72%        N/A       1%          2
c - Call Imp              Summ           40%        N/A       1%          2
d - Conjure Flame         Conj/Fire      54%        6-21      1%          3
e - Stone Arrow           Conj/Erth      100%       3d13      1%          3
s - Slow                  Hex            100%       N/A       1%          1
x - Mephitic Cloud        Conj/Pois/Air  55%        N/A       1%          3
A - Animate Dead          Necr           39%        N/A       3%          4

Your spell library contained the following spells:

 Spells                   Type           Power      Damage    Failure   Level
 Ensorcelled Hibernation  Hex/Ice        74%        N/A       1%          2
 Gell's Gravitas          Tloc           36%        N/A       1%          3
 Spider Form              Tmut/Pois      39%        N/A       1%          3
 Teleport Other           Tloc           36%        N/A       1%          3
 Animate Armour           Summ/Erth      80%        N/A       3%          4
 Anguish                  Hex/Necr       18%        N/A       4%          4
 Borgnjor's Vile Clutch   Necr/Erth      19%        N/A       10%         5
 Manifold Assault         Tloc           36%        N/A       14%         5
 Death Channel            Necr           19%        N/A       47%         6
 Dispersal                Tloc           18%        N/A       61%         6
 Storm Form               Tmut/Air       19%        N/A       96%         7
 Lehudib's Crystal Spear  Conj/Erth      27%        10d7      100%        8


Dungeon Overview and Level Annotations

Branches:
Dungeon (12/15)            Temple (1/1) D:5            Lair (3/5) D:9
 Spider (0/4) Lair:3          Orc (0/2) D:11         Bailey (visited)
  Swamp: Lair:2-3    Shoals: Lair:2-3

Altars:
Ashenzari
Cheibriados
Dithmenos
Elyvilon
Fedhas
Gozag
Hepliaklqana
Kikubaaqudgha
Makhleb
Nemelex Xobeh
Okawaru
Qazlal
Ru
Sif Muna
Trog
Uskayaw
Vehumet
Wu Jian
Xom
Yredelemnul
Zin
The Shining One
Ignis
Jiyva
Lugonu

Shops:
D:11 *

Annotations:
D:3 3 runed translucent doors, exclusion: orc priest, vampirul's ghost, amateur MiFi
D:6 Eustachio; Sigmund
D:10 open vault, 2 exclusions
Lair:2 3 runed translucent doors, Osuga's ghost, journeyman HuFi


Innate Abilities, Weirdness & Mutations

You have very sharp teeth.
Your uncanny sense of smell can sniff out nearby items.
Your experience applies equally to all skills.


Message History

You are poisoned.
The killer bee poisons you!
Your wolf zombie misses the killer bee.
Your wolf zombie barely misses the killer bee.
The wolf misses you.
The killer bee stings you but does no damage.
You take 3 damage, and have 36/104 hp.
You closely miss the killer bee.
You feel sick.
Your wolf zombie bites the killer bee.
The killer bee misses you. The wolf bites you!
* * * LOW HITPOINT WARNING * * *
Your wolf zombie misses the killer bee.
You take 8 damage, and have 28/104 hp.
You hit the killer bee.
You feel sick. The killer bee completely misses you.
Your wolf zombie completely misses the killer bee.
The wolf closely misses you.
Your wolf zombie closely misses the killer bee.
The killer bee closely misses you.
Your wolf zombie barely misses the killer bee.
You take 1 damage, and have 27/104 hp.
You miss the killer bee.
You feel sick. The wolf misses you.
Your wolf zombie closely misses the killer bee.
The killer bee closely misses you.
Your wolf zombie misses the killer bee.
The wolf stops to sniff the ground.
The wolf closely misses you.
You hit the killer bee.
You blast the killer bee!
You feel sick.
Your wolf zombie misses the killer bee.
The wolf barely misses you. The killer bee closely misses you.
Your wolf zombie closely misses the killer bee.
You take 1 damage, and have 26/104 hp.
You hit the killer bee.
You feel sick. The killer bee completely misses you. The wolf bites you.
* * * LOW HITPOINT WARNING * * *
Your wolf zombie misses the killer bee.
Your wolf zombie bites the killer bee.
The killer bee closely misses you.
You take 3 damage, and have 23/104 hp.
You hit the killer bee but do no damage.
The wolf barely misses you.
Your wolf zombie bites the killer bee!
The dead are flying!
The wolf barely misses you.
You closely miss the wolf.
You feel sick.
You are no longer poisoned.
Your wolf zombie completely misses the wolf.
Your wolf zombie barely misses the wolf.
The wolf barely misses you.
Your wolf zombie bites the wolf.
You take 1 damage, and have 22/104 hp.
You hit the wolf.
Your wolf zombie completely misses the wolf.
Your killer bee zombie closely misses the wolf.
The wolf closely misses you.
Your wolf zombie bites the wolf.
You closely miss the wolf.
Your killer bee zombie completely misses the wolf.
Your wolf zombie bites the wolf.
The wolf completely misses you.
Your wolf zombie bites the wolf.
Your killer bee zombie closely misses the wolf.
The wolf barely misses your wolf zombie.
Your wolf zombie closely misses the wolf.
You barely miss the wolf.
Your killer bee zombie hits the wolf.
Your wolf zombie bites the wolf.
The wolf bites you.
* * * LOW HITPOINT WARNING * * *
Your wolf zombie closely misses the wolf.
You take 1 damage, and have 22/104 hp.
You hit the wolf.
You blast the wolf!
The dead are walking!
You swap places.
Your reaping aura is weakening.
You see here a killer bee corpse.
MP restored: 30 Your reaping aura expires.
A komodo dragon comes into view.
You regained 16 hp, and now have 38/104 hp.
You swap places.
Things that are here:
a +0 hand axe; a +0 robe You swap places.
Your wolf zombie bites the komodo dragon but does no damage.
The komodo dragon barely misses your wolf zombie.
Your wolf zombie barely misses the komodo dragon.
You swap places.
The komodo dragon completely misses you.
You hit the komodo dragon but do no damage.
The komodo dragon bites you!
* * * LOW HITPOINT WARNING * * *
You take 14 damage, and have 25/104 hp.
You hit the komodo dragon but do no damage.
You blast the komodo dragon!
The komodo dragon barely misses you.
The komodo dragon completely misses you.
You barely miss the komodo dragon.
Your wolf zombie bites the komodo dragon.
Your wolf zombie barely misses the komodo dragon.
The komodo dragon closely misses you.
You hit the komodo dragon but do no damage.
You blast the komodo dragon.
Your wolf zombie bites the komodo dragon but does no damage.
You hit the komodo dragon but do no damage.
You blast the komodo dragon.
The komodo dragon bites you!!
* * * LOW HITPOINT WARNING * * *
Your wolf zombie bites the komodo dragon but does no damage.
You take 21 damage, and have 5/104 hp.
MASSIVE DAMAGE!!
You hit the komodo dragon but do no damage.
Your wolf zombie bites the komodo dragon!
The komodo dragon bites you!!
You die...

##.....P..... *
##......P#....,
#........###..
###.......## ..
#P........##**
* ##.........#
, ##.....#####
, , #......#
#.#.l@## * ,
####Z## ,,,
#ZZ# ##Z## , *
##Z.# ,#.†## *
, , ....##..#
##..#..##
..#..#. *


You could see a komodo dragon (ally target), 4 friendly wolf zombies and a
friendly killer bee zombie.

Vanquished Creatures
  Harold (D:9)
  2 hydras
  A boulder beetle (D:11)
  A two-headed ogre (D:9)
  Sonja (Lair:2)
  A fire crab (Lair:3)
  4 elephants (Lair:2)
  An ugly thing (D:11)
  2 cyclopes (D:11)
  A black mamba (Lair:1)
  Maurice (D:8)
  3 cane toads
  Psyche (D:8)
  2 kobold demonologists (D:11)
  2 komodo dragons (Lair:2)
  A rime drake (Lair:2)
  A troll (D:11)
  Prince Ribbit (D:8)
  3 vampires
  A wyvern (D:9)
  A shadow (D:10)
  21 yaks
  2 wraiths
  A steam dragon (Lair:2)
  2 wargs (D:9)
  3 acid dragons
  2 water moccasins
  Duvessa (D:6)
  A black bear (D:5)
  4 orc warriors
  2 ice beasts
  7 wolves
  2 ogres (D:6)
  3 centaurs
  7 kobold brigands
  4 bullfrogs
  A gnoll sergeant (D:7)
  9 wights
  Dowan (D:6)
  A yak zombie (Lair:1)
  3 killer bees (Lair:3)
  An electric eel (Lair:1)
  2 jellies
  4 orc priests
  5 hounds
  2 iguanas
  13 orc wizards
  Robin (D:4)
  12 gnolls
  12 adders
  3 shadow imps
  2 white imps
  A worm (D:2)
  2 dart slugs
  47 orcs
  8 ball pythons
  3 endoplasms
  7 giant cockroaches
  13 goblins
  8 hobgoblins
  3 jackals (D:2)
  4 quokkas
  3 bats
  4 frilled lizards
  40 kobolds
  5 rats
314 creatures vanquished.

Vanquished Creatures (collateral kills)
  2 elephants (Lair:2)
  4 cane toads
  A meliai (Lair:3)
  7 yaks
  4 water moccasins
  2 wolves
  A kobold brigand (D:11)
  A bullfrog (Lair:1)
  A killer bee (Lair:3)
  Ijyb (D:4)
  An orc (D:3)
  A kobold (D:6)
26 creatures vanquished.

Vanquished Creatures (others)
  A black mamba zombie (Lair:1)
  A komodo dragon zombie (Lair:2)
  A water moccasin zombie (Lair:1)
  9 yak zombies
  A wolf zombie (Lair:3)
  A bullfrog zombie (Lair:2)
  A gnoll zombie (Bailey)
  2 fungi (Lair:2)
  15 plants
32 creatures vanquished.

Grand Total: 372 creatures vanquished

Notes
Turn   | Place    | Note
-------+----------+-------------------------------------------
     0 | D:1      | IndexError the Gnoll Hedge Wizard began the quest for the
                  | Orb.
     0 | D:1      | Reached XP level 1. HP: 13/13 MP: 8/8
   104 | D:1      | Reached skill level 2 in Conjurations
   104 | D:1      | Reached skill level 2 in Summonings
   104 | D:1      | Reached skill level 2 in Translocations
   233 | D:1      | Reached XP level 2. HP: 19/19 MP: 8/10
   644 | D:1      | Found a faded altar of an unknown god.
   818 | D:1      | Reached XP level 3. HP: 25/25 MP: 8/11
  1382 | D:2      | Learned a level 2 spell: Blink
  1385 | D:2      | Learned a level 2 spell: Call Imp
  1387 | D:2      | Learned a level 1 spell: Slow
  1391 | D:2      | Learned a level 3 spell: Conjure Flame
  1395 | D:2      | Learned a level 3 spell: Mephitic Cloud
  1495 | D:2      | Reached skill level 1 in Invocations
  1936 | D:2      | Reached skill level 1 in Fighting
  1936 | D:2      | Reached skill level 1 in Short Blades
  1936 | D:2      | Reached skill level 1 in Long Blades
  1936 | D:2      | Reached skill level 1 in Axes
  1936 | D:2      | Reached skill level 1 in Maces & Flails
  1936 | D:2      | Reached skill level 1 in Polearms
  1936 | D:2      | Reached skill level 1 in Staves
  1936 | D:2      | Reached skill level 1 in Ranged Weapons
  1936 | D:2      | Reached skill level 1 in Throwing
  1936 | D:2      | Reached skill level 1 in Armour
  1936 | D:2      | Reached skill level 1 in Shields
  1936 | D:2      | Reached skill level 1 in Unarmed Combat
  1936 | D:2      | Reached skill level 1 in Evocations
  2016 | D:2      | Reached XP level 4. HP: 32/32 MP: 9/13
  2155 | D:2      | Reached skill level 1 in Hexes
  2155 | D:2      | Reached skill level 1 in Necromancy
  2155 | D:2      | Reached skill level 1 in Transmutations
  2155 | D:2      | Reached skill level 1 in Fire Magic
  2155 | D:2      | Reached skill level 1 in Ice Magic
  2155 | D:2      | Reached skill level 1 in Air Magic
  2155 | D:2      | Reached skill level 1 in Earth Magic
  2155 | D:2      | Reached skill level 1 in Poison Magic
  3011 | D:3      | Found a runed translucent gate.
  3013 | D:3      | Noticed vampirul's ghost (amateur MiFi)
  3024 | D:3      | Found a runed translucent gate.
  3025 | D:3      | Noticed a kobold brigand
  3148 | D:3      | Reached XP level 5. HP: 37/37 MP: 7/14
  3281 | D:3      | Identified the +0 helmet of Death Resistance {rF+ rC+
                  | Str+3}
  3360 | D:3      | Found a runed translucent gate.
  4563 | D:4      | Noticed Robin
  4597 | D:4      | Killed Robin
  4598 | D:4      | Reached skill level 2 in Invocations
  4850 | D:4      | Noticed Ijyb
  4894 | D:4      | Killed Ijyb
  4895 | D:4      | Reached XP level 6. HP: 25/44 MP: 13/16
  5493 | D:5      | Entered Level 5 of the Dungeon
  5671 | D:4      | Reached skill level 2 in Fighting
  5671 | D:4      | Reached skill level 2 in Short Blades
  5671 | D:4      | Reached skill level 2 in Long Blades
  5671 | D:4      | Reached skill level 2 in Axes
  5671 | D:4      | Reached skill level 2 in Maces & Flails
  5671 | D:4      | Reached skill level 2 in Polearms
  5671 | D:4      | Reached skill level 2 in Staves
  5671 | D:4      | Reached skill level 2 in Ranged Weapons
  5671 | D:4      | Reached skill level 2 in Throwing
  5671 | D:4      | Reached skill level 2 in Armour
  5671 | D:4      | Reached skill level 5 in Dodging
  5671 | D:4      | Reached skill level 2 in Shields
  5671 | D:4      | Reached skill level 2 in Unarmed Combat
  5671 | D:4      | Reached skill level 2 in Evocations
  6375 | D:5      | HP: 10/44 [gnoll/+0 club (5)]
  6678 | D:5      | Reached XP level 7. HP: 47/50 MP: 14/18
  6873 | D:5      | Reached skill level 3 in Conjurations
  6873 | D:5      | Reached skill level 2 in Hexes
  6873 | D:5      | Reached skill level 3 in Summonings
  6873 | D:5      | Reached skill level 2 in Necromancy
  6873 | D:5      | Reached skill level 3 in Translocations
  6873 | D:5      | Reached skill level 2 in Transmutations
  6873 | D:5      | Reached skill level 2 in Fire Magic
  6873 | D:5      | Reached skill level 2 in Ice Magic
  6873 | D:5      | Reached skill level 2 in Air Magic
  6873 | D:5      | Reached skill level 2 in Earth Magic
  6873 | D:5      | Reached skill level 2 in Poison Magic
  7016 | D:5      | Reached skill level 5 in Stealth
  7028 | D:5      | Found a staircase to the Ecumenical Temple.
  7033 | Temple   | Entered the Ecumenical Temple
  7157 | Temple   | Became a worshipper of Ashenzari the Shackled
  7248 | D:5      | Reached skill level 3 in Invocations
  7691 | D:5      | Reached skill level 3 in Fighting
  7691 | D:5      | Reached skill level 3 in Short Blades
  7691 | D:5      | Reached skill level 3 in Long Blades
  7691 | D:5      | Reached skill level 3 in Axes
  7691 | D:5      | Reached skill level 3 in Maces & Flails
  7691 | D:5      | Reached skill level 3 in Polearms
  7691 | D:5      | Reached skill level 3 in Staves
  7691 | D:5      | Reached skill level 3 in Ranged Weapons
  7691 | D:5      | Reached skill level 3 in Throwing
  7691 | D:5      | Reached skill level 3 in Armour
  7691 | D:5      | Reached skill level 3 in Shields
  7691 | D:5      | Reached skill level 3 in Unarmed Combat
  7691 | D:5      | Reached skill level 3 in Evocations
  7691 | D:5      | Reached XP level 8. HP: 27/58 MP: 8/19
  8133 | D:6      | Noticed Dowan
  8209 | D:6      | Killed Dowan
  8319 | D:6      | Noticed Duvessa
  8330 | D:6      | Killed Duvessa
  8622 | D:6      | Reached skill level 8 in Spellcasting
  8924 | D:6      | Noticed Sigmund
  9232 | D:6      | Reached skill level 3 in Hexes
  9232 | D:6      | Reached skill level 3 in Necromancy
  9232 | D:6      | Reached skill level 3 in Transmutations
  9232 | D:6      | Reached skill level 3 in Fire Magic
  9232 | D:6      | Reached skill level 3 in Ice Magic
  9232 | D:6      | Reached skill level 3 in Air Magic
  9232 | D:6      | Reached skill level 3 in Earth Magic
  9232 | D:6      | Reached skill level 3 in Poison Magic
  9232 | D:6      | Reached skill level 4 in Invocations
  9302 | D:6      | Noticed Eustachio
  9615 | D:6      | HP: 11/59 [poisoned by a kobold brigand (curare-tipped
                  | dart)]
  9618 | D:6      | HP: 5/59 [poisoned by a kobold brigand (curare-tipped
                  | dart)]
  9620 | D:6      | HP: 2/59 [poisoned by a kobold brigand (curare-tipped
                  | dart)]
  9995 | D:6      | Reached skill level 6 in Dodging
 10523 | D:7      | Reached XP level 9. HP: 60/66 MP: 17/21
 10540 | D:7      | Reached skill level 4 in Fighting
 10540 | D:7      | Reached skill level 4 in Short Blades
 10540 | D:7      | Reached skill level 4 in Long Blades
 10540 | D:7      | Reached skill level 4 in Axes
 10540 | D:7      | Reached skill level 4 in Maces & Flails
 10540 | D:7      | Reached skill level 4 in Polearms
 10540 | D:7      | Reached skill level 4 in Staves
 10540 | D:7      | Reached skill level 4 in Ranged Weapons
 10540 | D:7      | Reached skill level 4 in Throwing
 10540 | D:7      | Reached skill level 4 in Armour
 10540 | D:7      | Reached skill level 4 in Shields
 10540 | D:7      | Reached skill level 4 in Unarmed Combat
 10540 | D:7      | Reached skill level 4 in Conjurations
 10540 | D:7      | Reached skill level 4 in Summonings
 10540 | D:7      | Reached skill level 4 in Translocations
 10540 | D:7      | Reached skill level 4 in Evocations
 10581 | D:7      | Found a flagged portal.
 10590 | Bailey   | Entered a bailey
 10599 | Bailey   | Reached skill level 6 in Fighting
 10599 | Bailey   | Reached skill level 6 in Short Blades
 10599 | Bailey   | Reached skill level 6 in Long Blades
 10599 | Bailey   | Reached skill level 6 in Axes
 10599 | Bailey   | Reached skill level 6 in Maces & Flails
 10599 | Bailey   | Reached skill level 6 in Polearms
 10599 | Bailey   | Reached skill level 6 in Staves
 10599 | Bailey   | Reached skill level 6 in Ranged Weapons
 10599 | Bailey   | Reached skill level 6 in Throwing
 10599 | Bailey   | Reached skill level 6 in Armour
 10599 | Bailey   | Reached skill level 7 in Dodging
 10599 | Bailey   | Reached skill level 7 in Stealth
 10599 | Bailey   | Reached skill level 6 in Shields
 10599 | Bailey   | Reached skill level 6 in Unarmed Combat
 10599 | Bailey   | Reached skill level 9 in Spellcasting
 10599 | Bailey   | Reached skill level 5 in Conjurations
 10599 | Bailey   | Reached skill level 5 in Hexes
 10599 | Bailey   | Reached skill level 5 in Summonings
 10599 | Bailey   | Reached skill level 5 in Necromancy
 10599 | Bailey   | Reached skill level 5 in Translocations
 10599 | Bailey   | Reached skill level 5 in Transmutations
 10599 | Bailey   | Reached skill level 5 in Fire Magic
 10599 | Bailey   | Reached skill level 5 in Ice Magic
 10599 | Bailey   | Reached skill level 5 in Air Magic
 10599 | Bailey   | Reached skill level 5 in Earth Magic
 10599 | Bailey   | Reached skill level 5 in Poison Magic
 10599 | Bailey   | Reached skill level 6 in Invocations
 10599 | Bailey   | Reached skill level 6 in Evocations
 10599 | Bailey   | Reached XP level 10. HP: 77/77 MP: 21/23
 10605 | Bailey   | Learned a level 4 spell: Animate Dead
 12465 | D:8      | Noticed Psyche
 12475 | D:8      | Killed Psyche
 12628 | D:8      | Noticed Maurice
 12643 | D:8      | Killed Maurice
 12884 | D:7      | HP: 19/77 [poisoned by an orc wizard]
 12893 | D:7      | HP: 18/77 [poisoned by an orc wizard]
 12898 | D:7      | HP: 8/77 [poisoned by an orc wizard]
 12903 | D:7      | HP: 4/77 [poisoned by an orc wizard]
 13367 | D:8      | Noticed Prince Ribbit
 13377 | D:8      | Killed Prince Ribbit
 13378 | D:8      | Reached skill level 7 in Invocations
 13847 | D:9      | Noticed a two-headed ogre
 14180 | D:9      | HP: 13/73 [wight/+3 dagger (10)]
 14187 | D:9      | HP: 6/73 [wight/+3 dagger (2)]
 14190 | D:9      | HP: 2/73 [wight/+3 dagger (5)]
 14221 | D:8      | Reached skill level 8 in Dodging
 14619 | D:9      | Noticed Harold
 14711 | D:9      | Learned a level 3 spell: Stone Arrow
 15010 | D:9      | Killed Harold
 15011 | D:9      | Reached XP level 11. HP: 83/84 MP: 1/25
 15464 | D:9      | Found a staircase to the Lair.
 15508 | D:9      | Reached skill level 6 in Conjurations
 15508 | D:9      | Reached skill level 6 in Summonings
 15508 | D:9      | Reached skill level 6 in Translocations
 15530 | D:9      | Killed a two-headed ogre
 15531 | D:9      | Reached skill level 8 in Stealth
 16201 | D:10     | Entered Level 10 of the Dungeon
 16495 | D:10     | You fall into a shaft and drop 1 floor!
 16495 | D:11     | Found a staircase to the Orcish Mines.
 16807 | D:10     | Reached skill level 10 in Spellcasting
 17034 | D:10     | Noticed a manticore
 17739 | D:11     | Noticed a cyclops
 17747 | D:11     | Killed a cyclops
 17748 | D:11     | Reached skill level 7 in Fighting
 17748 | D:11     | Reached skill level 7 in Short Blades
 17748 | D:11     | Reached skill level 7 in Long Blades
 17748 | D:11     | Reached skill level 7 in Axes
 17748 | D:11     | Reached skill level 7 in Maces & Flails
 17748 | D:11     | Reached skill level 7 in Polearms
 17748 | D:11     | Reached skill level 7 in Staves
 17748 | D:11     | Reached skill level 7 in Ranged Weapons
 17748 | D:11     | Reached skill level 7 in Throwing
 17748 | D:11     | Reached skill level 7 in Armour
 17748 | D:11     | Reached skill level 7 in Shields
 17748 | D:11     | Reached skill level 7 in Unarmed Combat
 17748 | D:11     | Reached skill level 7 in Evocations
 17899 | D:11     | Noticed a cyclops
 17920 | D:11     | Noticed a boulder beetle
 17930 | D:11     | Killed a cyclops
 18132 | D:11     | Noticed a six-headed hydra
 18154 | D:11     | Killed a six-headed hydra
 18155 | D:11     | Reached skill level 6 in Hexes
 18155 | D:11     | Reached skill level 6 in Necromancy
 18155 | D:11     | Reached skill level 6 in Transmutations
 18155 | D:11     | Reached skill level 6 in Fire Magic
 18155 | D:11     | Reached skill level 6 in Ice Magic
 18155 | D:11     | Reached skill level 6 in Air Magic
 18155 | D:11     | Reached skill level 6 in Earth Magic
 18155 | D:11     | Reached skill level 6 in Poison Magic
 18428 | D:11     | Found Meus's Changing Room.
 18541 | D:11     | Reached skill level 8 in Invocations
 18853 | D:11     | Noticed a brown ugly thing
 18868 | D:11     | Killed a brown ugly thing
 19052 | D:11     | Killed a boulder beetle
 19340 | D:12     | Noticed a two-headed ogre
 19388 | Lair:1   | Entered Level 1 of the Lair of Beasts
 19397 | Lair:1   | Reached * piety under Ashenzari
 19562 | Lair:1   | Reached XP level 12. HP: 65/94 MP: 21/27
 19568 | Lair:1   | Identified the ring "Anuar" {rC+ EV+4 SInv}
 19988 | Lair:1   | Reached skill level 9 in Dodging
 21315 | Lair:2   | Found a runed translucent gate.
 21315 | Lair:2   | Found a runed translucent gate.
 21316 | Lair:2   | Found a runed translucent gate.
 21316 | Lair:2   | Noticed Osuga's ghost (journeyman HuFi)
 21360 | Lair:2   | Reached skill level 9 in Stealth
 21414 | Lair:2   | Reached skill level 7 in Conjurations
 21414 | Lair:2   | Reached skill level 7 in Summonings
 21414 | Lair:2   | Reached skill level 7 in Translocations
 21470 | Lair:2   | Reached skill level 8 in Fighting
 21470 | Lair:2   | Reached skill level 8 in Short Blades
 21470 | Lair:2   | Reached skill level 8 in Long Blades
 21470 | Lair:2   | Reached skill level 8 in Axes
 21470 | Lair:2   | Reached skill level 8 in Maces & Flails
 21470 | Lair:2   | Reached skill level 8 in Polearms
 21470 | Lair:2   | Reached skill level 8 in Staves
 21470 | Lair:2   | Reached skill level 8 in Ranged Weapons
 21470 | Lair:2   | Reached skill level 8 in Throwing
 21470 | Lair:2   | Reached skill level 8 in Armour
 21470 | Lair:2   | Reached skill level 8 in Shields
 21470 | Lair:2   | Reached skill level 8 in Unarmed Combat
 21470 | Lair:2   | Reached skill level 8 in Evocations
 21607 | Lair:2   | Reached skill level 9 in Invocations
 21907 | Lair:2   | Noticed a six-headed hydra
 22031 | Lair:2   | Killed a six-headed hydra
 22032 | Lair:2   | Reached skill level 11 in Spellcasting
 22133 | Lair:2   | Reached ** piety under Ashenzari
 22424 | Lair:2   | Found a viscous altar of Jiyva.
 22424 | Lair:2   | Identified the +0 chain mail of Thoughtfulness {Regen+
                  | Dex+7 SInv}
 22555 | Lair:3   | Noticed Sonja
 22559 | Lair:2   | Killed Sonja
 22560 | Lair:2   | Reached skill level 7 in Hexes
 22560 | Lair:2   | Reached skill level 7 in Necromancy
 22560 | Lair:2   | Reached skill level 7 in Transmutations
 22560 | Lair:2   | Reached skill level 7 in Fire Magic
 22560 | Lair:2   | Reached skill level 7 in Ice Magic
 22560 | Lair:2   | Reached skill level 7 in Air Magic
 22560 | Lair:2   | Reached skill level 7 in Earth Magic
 22560 | Lair:2   | Reached skill level 7 in Poison Magic
 22560 | Lair:2   | Reached XP level 13. HP: 71/104 MP: 29/29
 22999 | Lair:3   | Found a hole to the Spider Nest.
 23053 | Lair:3   | HP: 26/104 [poisoned by a killer bee]
 23059 | Lair:3   | HP: 22/104 [wolf (1)]
 23124 | Lair:3   | HP: 25/104 [komodo dragon (14)]
 23129 | Lair:3   | HP: 5/104 [komodo dragon (22)]
 23130 | Lair:3   | Annihilated by a komodo dragon

Illustrated notes

Levels and vault maps discovered:
D:1:      minmay_arrival_plants_in_alcoves, layout_loops_ring,
          hellmonk_ecumenical_altar_heavens_door, chequers_serial_rivers_room_b
D:2:      layout_basic, minmay_misc_feat_ornament
D:3:      layout_basic, gammafunk_ghost_nasty_kobolds, minmay_unequal
D:4:      layout_loops_ring, feat_on_display, uniq_robin, uniq_ijyb
D:5:      layout_loops_ring, temple_doors_ab, minmay_door_square
D:6:      layout_basic, grunt_decor_one_mirror, uniq_eustachio, uniq_duvessa,
          uniq_sigmund
D:7:      layout_cave_pods, enter_bailey_8, st_stairs_6,
          minmay_fractal_squares_gapless_5
D:8:      layout_basic, uniq_maurice, uniq_psyche, uniq_prince_ribbit1
D:9:      layout_basic, erik_lair_orcish_takeover, uniq_harold
D:10:     minmay_bloctagon_deflated, layout_rooms
D:11:     layout_loops_cross, orc_0_dummy, nicolae_transmutations_shop
D:12:     minmay_gate_of_8, layout_basic, enter_trove_5, serial_shops,
          kennysheep_little_box
Temple:   hellmonk_choose_your_character
Lair:1:   layout_loops_ring, grunt_megastairs_1, serial_bayou_shore_a
Lair:2:   layout_cellular_growth, gammafunk_ghost_ooze
Lair:3:   layout_cave_pods, elwin_shoals_entry_rooms,
          hellmonk_spider_entry_not_the_bees, uniq_rupert, uniq_sonja

Skill      XL: |  1  2  3  4  5  6  7  8  9 10 11 12 |
---------------+-------------------------------------+-----
Conjurations   | 2 3 5 6 7 |  7.4
Summonings     | 2 3 5 6 7 |  7.4
Translocations | 2 3 5 6 7 |  7.4
Invocations    | 1 2 3 4 6 7 8 9 |  9.3
Fighting       | 1 2 3 6 7 8 |  8.5
Short Blades   | 1 2 3 6 7 8 |  8.5
Long Blades    | 1 2 3 6 7 8 |  8.5
Axes           | 1 2 3 6 7 8 |  8.5
Maces & Flails | 1 2 3 6 7 8 |  8.5
Polearms       | 1 2 3 6 7 8 |  8.5
Staves         | 1 2 3 6 7 8 |  8.5
Ranged Weapons | 1 2 3 6 7 8 |  8.5
Throwing       | 1 2 3 6 7 8 |  8.5
Armour         | 1 2 3 6 7 8 |  8.5
Shields        | 1 2 3 6 7 8 |  8.5
Unarmed Combat | 1 2 3 6 7 8 |  8.5
Evocations     | 1 2 3 6 7 8 |  8.5
Hexes          | 1 2 3 5 6 7 |  7.1
Necromancy     | 1 2 3 5 6 7 |  7.1
Transmutations | 1 2 3 5 6 7 |  7.1
Fire Magic     | 1 2 3 5 6 7 |  7.1
Ice Magic      | 1 2 3 5 6 7 |  7.1
Air Magic      | 1 2 3 5 6 7 |  7.1
Earth Magic    | 1 2 3 5 6 7 |  7.1
Poison Magic   | 1 2 3 5 6 7 |  7.1
Dodging        | 5 6 7 8 9 |  9.7
Stealth        | 5 7 8 9 |  9.5
Spellcasting   | 8 9 10 11 | 11.1

Action                   |  1- 3 |  4- 6 |  7- 9 | 10-12 | 13-15 || total
-------------------------+-------+-------+-------+-------+-------++-------
Melee: Dagger            |    31 |    17 |    34 |       |       ||    82
       Bite              |     4 |    12 |    10 |    68 |    11 ||   105
       Staff             |     7 |    68 |    42 |   475 |    84 ||   676
       Punch             |     1 |     1 |       |    17 |     9 ||    28
 Fire: Sling             |       |    12 |    15 |   121 |       ||   148
 Cast: Magic Dart        |    81 |   142 |   160 |   216 |     1 ||   600
       Call Imp          |       |     5 |     4 |     6 |       ||    15
       Conjure Flame     |       |     5 |    11 |    33 |     1 ||    50
       Mephitic Cloud    |       |     1 |     5 |    18 |       ||    24
       Slow              |       |       |     1 |       |       ||     1
       Stone Arrow       |       |       |       |   117 |     5 ||   122
       Animate Dead      |       |       |       |     8 |     2 ||    10
Invok: Curse Item        |       |       |     1 |     2 |       ||     3
Evoke: Wand              |       |       |       |     5 |       ||     5
  Use: Scroll            |       |    10 |       |     4 |       ||    14
       Potion            |       |       |     1 |     3 |       ||     4
 Stab: Sleeping          |       |     3 |       |     9 |       ||    12
       Distracted        |       |     1 |       |     1 |       ||     2
       Confused          |       |       |     1 |    10 |       ||    11
Armor: Robe              |    12 |    30 |     6 |       |       ||    48
       Acid dragon scale |       |       |    38 |    88 |       ||   126
       Skin              |       |       |     2 |       |       ||     2
       Ring mail         |       |       |       |    58 |    31 ||    89
Dodge: Dodged            |    24 |    83 |    77 |   357 |    97 ||   638

Table legend: (Time is in decaauts)
 A = Elapsed time spent in this place.
 B = Non-inter-level travel time spent in this place.
 C = Inter-level travel time spent in this place.
 D = Time resting spent in this place.
 E = Time spent auto-exploring this place.
 F = Levels seen in this place.
 G = Mean time per level.
                   A        B        C        D        E       F      G
               +--------+--------+--------+--------+--------+-----+--------+
         Total |  23224 |  20917 |   2307 |     34 |  16592 |  17 | 1366.1 |
       Dungeon |  18655 |  16689 |   1966 |     34 |  13563 |  12 | 1554.6 |
        Temple |    146 |    125 |     21 |      0 |     80 |   1 |  146.0 |
          Lair |   3840 |   3520 |    320 |      0 |   2683 |   3 | 1280.0 |
        Bailey |    582 |    582 |      0 |      0 |    266 |   1 |  582.0 |
               +--------+--------+--------+--------+--------+-----+--------+

Top non-repeatable levels by time:
     D:5: 2268 daAuts
     D:6: 2024 daAuts
     D:9: 1995 daAuts
  Lair:1: 1824 daAuts
     D:2: 1807 daAuts
     D:7: 1785 daAuts
     D:8: 1735 daAuts
  Lair:2: 1728 daAuts
     D:4: 1676 daAuts
    D:11: 1426 daAuts
    D:10: 1402 daAuts
     D:3: 1339 daAuts
     D:1: 1191 daAuts
  Bailey: 582 daAuts
  Lair:3: 287 daAuts

Table legend:
 A = Kills in this place as a percentage of kills in entire the game.
 B = Kills by you in this place as a percentage of kills by you in the entire game.
 C = Kills by friends in this place as a percentage of kills by friends in the entire game.
 D = Other kills in this place as a percentage of other kills in the entire game.
 E = Experience gained in this place as a percentage of experience gained in the entire game.
 F = Experience gained in this place divided by the number of levels of this place that you have seen.
                   A       B       C       D       E      F
               +-------+-------+-------+-------+-------+----------------------
         Total | 100.0 | 100.0 | 100.0 | 100.0 | 100.0 | 1938.3
       Dungeon |  74.0 |  78.7 |  15.4 |  87.5 |  45.1 | 1238.6
          Lair |  20.4 |  15.4 |  84.6 |   0.0 |  54.1 | 5937.0
        Bailey |   5.6 |   5.9 |   0.0 |  12.5 |   0.8 | 277.0
               +-------+-------+-------+-------+-------+----------------------
